 Dungeon Crawl Stone Soup version 0.28.0-43-g3370ac3207 (webtiles) character file.

Game seed: 12079681016085357540

1969 smarlow the Covert (level 9, 0/44 HPs)
             Began as a Vine Stalker Enchanter on Mar 18, 2022.
             Was an Initiate of Wu Jian.
             Slain by a gnoll
             ... wielding a +0 flail
              (5 damage)
             ... on level 6 of the Dungeon.
             The game lasted 00:11:19 (5705 turns).

smarlow the Covert (Vine Stalker Enchanter)         Turns: 5705, Time: 00:11:20

Health: 0/44       AC:  5    Str: 11    XL:     9   Next: 20%
Magic:  0/19       EV: 14    Int: 15    God:    Wu Jian [......]
Gold:   357        SH:  0    Dex: 19    Spells: 7/20 levels left

rFire   . . .      SeeInvis .   a - +1 dagger
rCold   . . .      Faith    .   (no shield)
rNeg    . . .      Spirit   +   b - +0 robe
rPois   +          Reflect  .   (no helmet)
rElec   .          Harm     .   (no cloak)
rCorr   .          Rampage  .   k - +2 pair of gloves
Will    +....                   (no boots)
Stlth   ++++......              (no amulet)
HPRegen 0.94/turn               f - ring of poison resistance
MPRegen 0.16/turn               i - ring of wizardry

@: about to teleport, invisible
A: fangs 3, regeneration 1, magic shield, antimagic bite, no potion heal 2
a: Renounce Religion


You were on level 6 of the Dungeon.
You worshipped Wu Jian.
Wu Jian was noncommittal.
You visited 2 branches of the dungeon, and saw 8 of its levels.

You collected 357 gold pieces.

Inventory:

Hand Weapons
 a - a +1 dagger (weapon)
Armour
 b - a +0 robe (worn)
 k - a +2 pair of gloves (worn)
Jewellery
 f - a ring of poison resistance (left hand)
 i - a ring of wizardry (right hand)
 x - a ring of wizardry
Wands
 l - a wand of iceblast (9)
 m - a wand of paralysis (8)
 t - a wand of digging (3)
Scrolls
 g - a scroll of fog {unknown}
 o - a scroll of blinking {unknown}
 p - a scroll of immolation {unknown}
 q - a scroll of amnesia {unknown}
 s - a scroll of torment {unknown}
 v - a scroll of vulnerability {unknown}
 w - a scroll of identify {unknown}
Potions
 e - 3 potions of heal wounds {unknown}
 h - 2 potions of brilliance {unknown}
 j - a potion of attraction {unknown}
 n - 2 potions of lignification {unknown}
 r - 3 potions of might {unknown}
 u - a potion of berserk rage {unknown}


   Skills:
 + Level 3.2 Fighting
 + Level 3.8 Short Blades
 + Level 3.8 Dodging
 * Level 8.4 Stealth
 * Level 6.2 Spellcasting
 + Level 5.1 Hexes


You had 7 spell levels left.
You knew the following spells:

 Your Spells              Type           Power      Damage    Failure   Level
a - Ensorcelled Hibernat  Hex/Ice        24%        N/A       3%          2
b - Confusing Touch       Hex            20%        N/A       2%          3
c - Tukima's Dance        Hex            20%        N/A       2%          3
d - Dazzling Flash        Conj/Hex       24%        N/A       6%          3
e - Blink                 Tloc           8%         N/A       9%          2

Your spell library contained the following spells:

 Spells                   Type           Power      Damage    Failure   Level
 Ignite Poison            Fire/Tmut/Pois 4%         N/A       17%         3
 Lesser Beckoning         Tloc           4%         N/A       17%         3
 Mephitic Cloud           Conj/Pois/Air  4%         N/A       17%         3
 Freezing Cloud           Conj/Ice/Air   2%         6-21      82%         5
 Manifold Assault         Tloc           4%         N/A       82%         5


Dungeon Overview and Level Annotations

Branches:
Dungeon (7/15)             Temple (1/1) D:7

Altars:
Ashenzari
Cheibriados
Dithmenos
Elyvilon
Fedhas
Gozag
Nemelex Xobeh
Okawaru
Qazlal
Ru
Sif Muna
Uskayaw
Vehumet
Wu Jian
Xom
Yredelemnul
Zin

Annotations:
D:6 Edmund
D:7 Maggie


Innate Abilities, Weirdness & Mutations

You have razor-sharp teeth.
Your natural rate of healing is unusually fast.
When hurt, damage is shared between your health and your magic reserves.
Your bite disrupts and absorbs the magic of your enemies.
Potions cannot restore your health.


Message History

Aim: Edmund, wielding a +4 flail of protection, wearing a +0 chain mail and carrying a wand of digging (3) (almost dead, chance to affect: 52%) Edmund resists with significant effort.
The gnoll sergeant misses you. The iguana barely misses you.
The gnoll hits you from afar with a +0 spear.
Edmund misses you.
Casting: Tukima's Dance (dangerous; 2% risk of failure)
Confirm with . or Enter, or press ? or * to list all spells.
Aiming: Tukima's Dance (dangerous; 2% risk of failure)
Press: ? - help, Shift-Dir - straight line, f - gnoll, p - Edmund
Aim: a gnoll, wielding a +0 flail (chance to affect: 62%)
The gnoll resists with significant effort.
The gnoll closely misses you.
The gnoll sergeant hits you from afar with a +0 spear!
The gnoll hits you from afar with a +0 halberd!
The iguana barely misses you.
Edmund hits you with a +4 flail of protection.
The gnoll hits you with a +0 club.
* * * LOW HITPOINT WARNING * * *
The gnoll hits you from afar with a +0 spear.
* * * LOW HITPOINT WARNING * * *
Okay, then.
You fade into invisibility!
The gnoll sergeant barely misses you. The gnoll closely misses you.
The gnoll misses you. The iguana closely misses you.
The gnoll hits you with a +0 club.
* * * LOW HITPOINT WARNING * * *
The gnoll barely misses you. Edmund barely misses you.
As you read the scroll of teleportation, it crumbles to dust.
You feel strangely unstable. The gnoll closely misses you. x2
The gnoll sergeant barely misses you. The gnoll closely misses you.
The iguana barely misses you. The gnoll closely misses you.
The gnoll misses you.
Edmund hits you with a +4 flail of protection.
* * * LOW HITPOINT WARNING * * *
You strike the helpless iguana from behind!
You impale the iguana!!
You kill the iguana!
The Council accepts your kill. The gnoll hits you with a +0 flail.
You die...

.#
######.##
#.......#
#.......##
#g.......#
#.g....#
#.ggg..#
#@g@...#
########


You could see Edmund, a gnoll sergeant and 5 gnolls.

Vanquished Creatures
  A troll (D:7)
  Menkaure (D:7)
  2 water moccasins
  An orc warrior (D:7)
  A necrophage (D:5)
  A sky beast (D:7)
  3 ogres
  A centaur (D:6)
  2 bullfrogs (D:7)
  A scorpion (D:4)
  A wyvern skeleton (D:7)
  A centaur zombie (D:5)
  3 hounds
  3 orc priests
  2 jellies
  A bullfrog skeleton (D:5)
  3 iguanas
  An orc wizard (D:6)
  A scorpion zombie (D:5)
  A hound skeleton (D:5)
  A howler monkey skeleton (D:4)
  7 adders
  A white imp (D:6)
  An ufetubus (D:5)
  5 worms
  16 orcs
  2 ball pythons
  3 bats (D:3)
  3 endoplasms
  3 giant cockroaches
  4 hobgoblins
  3 jackals (D:5)
  2 quokkas
  A frilled lizard (D:2)
  6 goblins
  7 kobolds
  2 rats
98 creatures vanquished.

Vanquished Creatures (others)
  3 dancing weapons (D:7)
3 creatures vanquished.

Grand Total: 101 creatures vanquished

Notes
Turn   | Place    | Note
-------+----------+-------------------------------------------
     0 | D:1      | smarlow the Vine Stalker Enchanter began the quest for the
                  | Orb.
     0 | D:1      | Reached XP level 1. HP: 9/9 MP: 4/4
    68 | D:1      | Reached skill level 1 in Short Blades
   103 | D:1      | Reached XP level 2. HP: 2/13 MP: 4/6
   362 | D:2      | Found a blossoming altar of Fedhas.
   479 | D:2      | Reached skill level 4 in Stealth
   479 | D:2      | Reached XP level 3. HP: 13/16 MP: 4/7
   482 | D:2      | Learned a level 2 spell: Ensorcelled Hibernation
   486 | D:2      | Learned a level 3 spell: Confusing Touch
  1294 | D:3      | Found a faded altar of an unknown god.
  1430 | D:3      | Found a snail-covered altar of Cheibriados.
  1457 | D:3      | Found a shimmering altar of Xom.
  1955 | D:3      | Found a glowing silver altar of Zin.
  1955 | D:3      | Noticed an angel
  2083 | D:4      | Noticed an ogre
  2093 | D:4      | Gained mutation: Your natural rate of healing is unusually
                  | fast. [Vine Stalker growth]
  2093 | D:4      | Reached XP level 4. HP: 21/21 MP: 9/9
  2220 | D:4      | Noticed an ogre
  2339 | D:3      | Killed an ogre
  2340 | D:3      | Reached XP level 5. HP: 25/25 MP: 4/10
  2534 | D:4      | Reached skill level 1 in Fighting
  2534 | D:4      | Reached skill level 5 in Stealth
  2833 | D:4      | Reached XP level 6. HP: 30/30 MP: 12/12
  2980 | D:4      | Learned a level 3 spell: Tukima's Dance
  2984 | D:4      | Learned a level 3 spell: Dazzling Flash
  3366 | D:5      | Entered Level 5 of the Dungeon
  3510 | D:5      | Found a blossoming altar of Fedhas.
  3611 | D:5      | Reached XP level 7. HP: 33/33 MP: 8/14
  3837 | D:5      | Reached skill level 6 in Stealth
  4018 | D:5      | Learned a level 2 spell: Blink
  4050 | D:5      | Gained mutation: You have razor-sharp teeth. [Vine Stalker
                  | growth]
  4050 | D:5      | Reached XP level 8. HP: 37/39 MP: 13/16
  4409 | D:6      | Found a stormy altar of Qazlal.
  4485 | D:6      | Reached skill level 5 in Spellcasting
  4612 | D:7      | Reached skill level 7 in Stealth
  4669 | D:7      | Noticed Menkaure
  4686 | D:7      | Killed Menkaure
  4769 | D:7      | Found a staircase to the Ecumenical Temple.
  4780 | Temple   | Entered the Ecumenical Temple
  4805 | Temple   | Became a worshipper of the Wu Jian Council
  5147 | D:7      | Noticed a troll
  5151 | D:7      | Killed a troll
  5152 | D:7      | Reached skill level 8 in Stealth
  5152 | D:7      | Reached skill level 5 in Hexes
  5152 | D:7      | Reached XP level 9. HP: 44/44 MP: 17/19
  5507 | D:7      | Noticed Maggie
  5697 | D:6      | Noticed Edmund
  5705 | D:6      | Slain by a gnoll

Illustrated notes

Levels and vault maps discovered:
D:1:      lightli_arrival_farm, layout_basic, minmay_pentomino_r4
D:2:      layout_loops_corners, basic_altar, uniq_crazy_yiuf_cottage
D:3:      layout_basic, zin_angel, mainiacjoe_overflow_two_lobes,
          hellmonk_ecumenical_altar_crossroads, chequers_serial_rivers_micro_e,
          kennysheep_generic_room_16
D:4:      layout_basic
D:5:      layout_basic, fedhas_altar_4
D:6:      layout_basic, grunt_qazlal_clouds, serial_shops,
          nicolae_shop_window_shopping, uniq_edmund
D:7:      layout_basic, minmay_temple_entry_ruins, lightli_orcish_oven,
          uniq_menkaure, uniq_maggie
Temple:   eino_temple_lava

Skill      XL: |  1  2  3  4  5  6  7  8 |
---------------+-------------------------+-----
Short Blades   | 1 2 3 |  3.8
Stealth        | 4 5 6 8 |  8.4
Dodging        | 2 3 |  3.8
Spellcasting   | 3 4 6 |  6.2
Fighting       | 1 2 3 |  3.2
Hexes          | 4 5 |  5.1

Action                   |  1- 3 |  4- 6 |  7- 9 || total
-------------------------+-------+-------+-------++-------
Melee: Dagger            |    71 |    63 |   186 ||   320
       Bite              |    16 |    18 |    64 ||    98
       Punch             |       |     1 |     3 ||     4
 Cast: Ensorcelled Hiber |     5 |    26 |    22 ||    53
       Confusing Touch   |       |       |     3 ||     3
       Tukima's Dance    |       |       |     6 ||     6
       Dazzling Flash    |       |       |     2 ||     2
       Blink             |       |       |     1 ||     1
Invok: Lunge             |       |       |     8 ||     8
  Use: Scroll            |       |       |     3 ||     3
       Potion            |       |       |     1 ||     1
 Stab: Sleeping          |    13 |    15 |    25 ||    53
       Distracted        |       |       |     1 ||     1
       Invisible         |       |       |     1 ||     1
Armor: Robe              |     6 |    19 |    41 ||    66
Dodge: Dodged            |    31 |    39 |   137 ||   207
